 Dungeon Sprint DCSS version 0.23-b1-67-g8bd44de (webtiles) character file.

Game seed: 14158900324592330864

1521 poirepourri the Severer (level 8, -1/73 HPs)
             Began as a Deep Dwarf Fighter on Feb 5, 2019.
             Was an Initiate of Makhleb.
             Slain by a polar bear (7 damage)
             ... in the Dungeon (Sprint II: "The Violet Keep of Menkaure").
             The game lasted 00:02:49 (349 turns).

poirepourri the Severer (Deep Dwarf Fighter)         Turns: 349, Time: 00:02:50

Health: -1/73      AC:  9    Str: 26    XL:     8   Next: 54%
Magic:  6/6        EV:  8    Int: 10    God:    Makhleb [......]
Gold:   52         SH: 10    Dex: 11    Spells: 7/7 levels left

rFire    . . .     SeeInvis .   a - +1 war axe
rCold    + . .     Gourm    .   c - +0 shield
rNeg     . . .     Faith    .   j - +4 ring mail "Ykuaxt" {-Cast rPois rC+ rCorr Str+3}
rPois    +         Spirit   .   (no helmet)
rElec    .         Reflect  .   (no cloak)
rCorr    +         Harm     .   (no gloves)
MR       +....     NoTele   +   (no boots) Stlth +.........NoCast +
                                (no amulet)
HPRegen  0.00/turn              d - +3 ring of strength (curse)
MPRegen  0.10/turn              (no ring)

@: lethally poisoned (-1 -> -1), non-regenerating
A: damage resistance, heal wounds, clumsy 1, sense surroundings 1, screaming 1,
no regeneration
a: Heal Wounds, Renounce Religion


You were in the Dungeon.
You worshipped Makhleb.
Makhleb was noncommittal.
You were not hungry.

You visited 1 branch You collected 972 gold pieces.
You spent 920 gold pieces at shops.

Inventory:

Hand Weapons
 a - a +1 war axe (weapon)
 e - the cursed +1 war axe of Calamity {freeze, *Contam rPois Int+8 SInv, unknown}
   (You bought it in a shop in the Dungeon)

   It has been specially enchanted to freeze those struck by it, causing extra
   injury to most foes and up to half again as much damage against particularly
   susceptible opponents.
   It can also slow down cold-blooded creatures.
   It affects your intelligence (+8).
   It protects you from poison.
   It lets you see invisible.
   It causes magical contamination when unequipped.
   It has a curse placed upon it.
Armour
 c - a +0 shield (worn)
 j - the +4 ring mail "Ykuaxt" (worn) {-Cast rPois rC+ rCorr Str+3}
   (You bought it in a shop in the Dungeon)

   It affects your strength (+3).
   It protects you from cold.
   It protects you from poison.
   It prevents spellcasting.
   It provides partial protection from all sources of acid and corrosion.
Jewellery
 d - a cursed +3 ring of strength (left hand)
Scrolls
 k - a scroll of blinking
Potions
 g - 3 potions of heal wounds
 h - a potion of haste
 i - 2 potions of magic
 l - a potion of curing
Comestibles
 f - a ration


   Skills:
 + Level 4.9 Fighting
 - Level 18.7 Axes
 - Level 3.2 Armour
 - Level 3.2 Shields


You had 7 spell levels left.
You didn't know any spells.
Your spell library was empty.

Dungeon Overview and Level Annotations

Branches:
Dungeon (1/1)

Altars:
Cheibriados
Dithmenos
Elyvilon
Fedhas
Gozag
Hepliaklqana
Kikubaaqudgha
Makhleb
Nemelex Xobeh
Okawaru
Qazlal
Ru
Sif Muna
Trog
Uskayaw
Vehumet
Wu Jian
Xom
Yredelemnul
Zin
The Shining One
Beogh
Jiyva
Lugonu

Shops:
D }=:}%:?([*([%=!!

Annotations:
D exclusion: oklob plant


Innate Abilities, Weirdness & Mutations

You are resistant to damage.
You can heal yourself by infusing magical energy.
You passively map a small area around you.
You do not regenerate.
You are clumsy. (Dex -2)
You occasionally shout uncontrollably at your foes.


Message History

You are poisoned.
The polar bear goes berserk!
The polar bear bites you! The polar bear barely misses you.
The polar bear claws you. You block the yaktaur's attack.
Unknown command.
Press < or > to pray at altars.
You hit the yaktaur but do no damage.
The yaktaur is severely wounded.
You hit the polar bear. You hit the hornet but do no damage.
You hit the polar bear.
You feel yourself speed up. You block the hornet's attack.
The polar bear bites you!!
* * * LOW HITPOINT WARNING * * *
The polar bear barely misses you. You block the polar bear's attack.
The polar bear bites you but does no damage.
You block the polar bear's attack. The polar bear barely misses you.
The yaktaur hits you.
The hornet stings you but does no damage.
The polar bear bites you!
You die...

##.##..# +..# .#▓($((!![!
##..#..# #..# h#▓=??!$[$[
'†##+..####..##.#▓$%))$)([
##..#....###...##▓▓▓▓▓▓▓+
##.##...§÷.≈≈≈≈≈≈≈≈≈≈≈≈≈.,
####≈§....§≈#'########+###
.#≈≈≈§≈≈≈§.≈#...h._._#§≈§#
##≈≈≈≈≈≈≈≈.≈#_.hch._.#§§§≈
#≈≈≈≈≈≈≈≈≈§≈#._y@._._#t§≈≈≈
≈≈≈≈≈≈≈≈≈§≈≈#_._._._.#t§§§
++#≈≈§§§≈≈≈≈#._._._..#§§§≈
, ≈
##≈§§###≈≈#_._._...#§§§≈ *
°°≈##§≈# #≈≈#._._....#≈§§§
°○≈≈+≈§# #≈≈#.._.....#≈§§§
*
≈≈°##≈§≈≈§≈§##########≈≈§§
≈≈## ######≈≈≈≈≈≈≈≈≈≈§≈§ ≈
###≈ §###≈########≈▓


You could see 3 polar bears, a yaktaur, a hornet and 2 crocodiles.

Vanquished Creatures
  A merfolk siren (D)
  A blink frog (D)
  4 neqoxecs (D)
  4 necrophages (D)
  A crocodile (D)
  4 worker ants (D)
15 creatures vanquished.

Vanquished Creatures (others)
  Menkaure (D)
  A crocodile (D)
2 creatures vanquished.

Grand Total: 17 creatures vanquished

Notes
Turn   | Place    | Note
-------+----------+-------------------------------------------
     0 | D        | poirepourri the Deep Dwarf Fighter began the quest for the
                  | Orb.
     0 | D        | Reached XP level 1. HP: 20/20 MP: 1/1
     1 | D        | Noticed a worker ant
     1 | D        | Noticed a worker ant
    10 | D        | Noticed a worker ant
    10 | D        | Noticed a worker ant
    14 | D        | Killed a worker ant
    14 | D        | Reached skill level 6 in Axes
    14 | D        | Reached XP level 2. HP: 25/27 MP: 2/2
    15 | D        | Killed a crocodile
    18 | D        | Reached skill level 7 in Axes
    18 | D        | Reached XP level 3. HP: 30/33 MP: 3/3
    23 | D        | Reached skill level 8 in Axes
    23 | D        | Reached XP level 4. HP: 35/40 MP: 4/4
    25 | D        | Reached skill level 9 in Axes
    54 | D        | Noticed a merfolk siren
    66 | D        | Killed a merfolk siren
    66 | D        | Reached skill level 14 in Axes
    66 | D        | Reached XP level 5. HP: 31/46 MP: 5/5
    66 | D        | Reached XP level 6. HP: 37/55 MP: 6/6
    80 | D        | Reached skill level 15 in Axes
    82 | D        | Reached skill level 16 in Axes
    82 | D        | Reached XP level 7. HP: 41/61 MP: 7/7
   105 | D        | Noticed a neqoxec
   105 | D        | Noticed a neqoxec
   105 | D        | Noticed a neqoxec
   105 | D        | Noticed a neqoxec
   105 | D        | Gained mutation: You occasionally shout uncontrollably at
                  | your foes. [a neqoxec]
   110 | D        | Killed Menkaure
   112 | D        | Gained mutation: You are clumsy. (Dex -2) [a neqoxec]
   114 | D        | Killed a neqoxec
   114 | D        | Reached skill level 17 in Axes
   117 | D        | Killed a neqoxec
   117 | D        | Reached XP level 8. HP: 68/68 MP: 7/7
   121 | D        | Reached skill level 18 in Axes
   154 | D        | Found Meriteyd's Antique Armour Shop.
   154 | D        | Found Fulah's Jewellery Shop.
   154 | D        | Found Esuacuet's Assorted Antiques.
   154 | D        | Found Usasyry's Distillery.
   154 | D        | Found Hacemuam's Weapon Boutique.
   154 | D        | Found Zatremou's Food Boutique.
   155 | D        | Found Sucoimao's Antique Armour Boutique.
   155 | D        | Found Eju Ymoc's Antique Weapon Shop.
   155 | D        | Found Meucs's Distillery.
   156 | D        | Found Panwoimn's Magic Scroll Shop.
   156 | D        | Found Buoci's Book Boutique.
   157 | D        | Noticed a hell hog
   158 | D        | Found Cigumeto's Food Boutique.
   158 | D        | Found Tarchun's Gadget Shop.
   158 | D        | Noticed an oklob plant
   159 | D        | Found Vopuavam's Jewellery Shop.
   159 | D        | Found Eqis's Book Shoppe.
   159 | D        | Found Ikasm's Gadget Boutique.
   160 | D        | Noticed a hell hog
   190 | D        | Bought a cursed +3 ring of strength for 165 gold pieces
   198 | D        | Bought a polished war axe for 238 gold pieces
   200 | D        | Bought a transparent ring mail for 180 gold pieces
   210 | D        | Identified the +4 ring mail "Ykuaxt" {-Cast rPois rC+ rCorr
                  | Str+3} (You bought it in a shop in the Dungeon)
   228 | D        | Bought a potion of heal wounds for 60 gold pieces
   230 | D        | Bought 2 potions of heal wounds for 130 gold pieces
   248 | D        | Bought a scroll of enchant weapon for 90 gold pieces
   254 | D        | Bought a potion of curing for 57 gold pieces
   285 | D        | Noticed a blink frog
   291 | D        | Killed a blink frog
   306 | D        | Noticed an ice statue
   318 | D        | Found a glowing golden altar of the Shining One.
   318 | D        | Found an ornate altar of the Wu Jian Council.
   318 | D        | Found a stormy altar of Qazlal.
   319 | D        | Found a shimmering altar of Xom.
   319 | D        | Found a sacrificial altar of Ru.
   319 | D        | Found a hazy altar of Hepliaklqana.
   320 | D        | Found a basalt altar of Yredelemnul.
   320 | D        | Found a deep blue altar of Sif Muna.
   320 | D        | Found a viscous altar of Jiyva.
   320 | D        | Found a roughly hewn altar of Beogh.
   321 | D        | Found a bloodstained altar of Trog.
   321 | D        | Found a glowing silver altar of Zin.
   321 | D        | Found an ancient bone altar of Kikubaaqudgha.
   321 | D        | Found a snail-covered altar of Cheibriados.
   322 | D        | Found a hide-covered altar of Uskayaw.
   322 | D        | Found a corrupted altar of Lugonu.
   322 | D        | Found a shadowy altar of Dithmenos.
   323 | D        | Found a radiant altar of Vehumet.
   323 | D        | Found a burning altar of Makhleb.
   323 | D        | Found a white marble altar of Elyvilon.
   324 | D        | Found a sparkling altar of Nemelex Xobeh.
   324 | D        | Found a blossoming altar of Fedhas.
   326 | D        | Found an iron altar of Okawaru.
   326 | D        | Found an opulent altar of Gozag.
   326 | D        | Noticed a hornet
   326 | D        | Noticed a polar bear
   327 | D        | Noticed a yaktaur
   327 | D        | Noticed a polar bear
   329 | D        | Noticed a polar bear
   335 | D        | Became a worshipper of Makhleb the Destroyer
   349 | D        | Slain by a polar bear

Skill      XL: |  1  2  3  4  5  6  7  8 |
---------------+-------------------------+-----
Axes           | 6 7 8 14 16 17 18 | 18.7
Fighting       | 4 |  4.9
Armour         | |  3.2
Shields        | |  3.2

Action                   |  1- 3 |  4- 6 |  7- 9 || total
-------------------------+-------+-------+-------++-------
Melee: War axe           |    20 |    17 |    49 ||    86
 Abil: Heal Wounds       |       |       |     3 ||     3
  Use: Potion            |     1 |     1 |     3 ||     5
       Scroll            |       |       |     1 ||     1
Armor: Scale mail        |     3 |     2 |     5 ||    10
       Ring mail         |       |       |    22 ||    22
Dodge: Dodged            |     9 |     2 |    27 ||    38
Block: Shield            |    10 |     2 |    26 ||    38
